 Dungeon Crawl Stone Soup version 0.30-a0-900-g23479c02f2 (webtiles) character file.

Game seed: 7556745871557095404

126 gelatine the Chopper (level 4, -2/33 HPs)
             Began as a Demonspawn Gladiator on Mar 18, 2023.
             Slain by Sigmund
             ... wielding a +0 scythe
              (8 damage)
             ... on level 4 of the Dungeon.
             The game lasted 00:05:29 (2539 turns).

gelatine the Chopper (Demonspawn Gladiator)         Turns: 2539, Time: 00:05:30

Health: -2/33      AC:  5    Str: 17    XL:     4   Next: 83%
Magic:  5/5        EV: 12    Int:  9    God:
Gold:   126        SH:  0    Dex: 14    Spells: 3/4 levels left

rFire   . . .      SeeInvis .    a - +0 war axe
rCold   . . .      Faith    .    (no shield)
rNeg    . . .      Spirit   .    b - +0 leather armour
rPois   +          Reflect  .    c - +0 helmet
rElec   .          Rampage  .    (no cloak)
rCorr   .                        n - +0 pair of gloves
Will    .....                    (no boots)
Stlth   +                        k - amulet of magic regeneration
HPRegen 0.25/turn                g - ring of poison resistance
MPRegen 0.49/turn                (no ring)

@: no status effects
A: demonic magic 1
a: no special abilities


You were on level 4 of the Dungeon.
You visited 1 branch of the dungeon, and saw 4 of its levels.

You collected 126 gold pieces.

Inventory:

Hand Weapons
 a - a +0 war axe (weapon)
Missiles
 d - 2 throwing nets
 e - a javelin
 l - a boomerang (quivered)
 w - 6 atropa-tipped darts
Armour
 b - a +0 leather armour (worn)
 c - a +0 helmet (worn)
 n - a +0 pair of gloves (worn)
Jewellery
 g - a ring of poison resistance (left hand)
 k - an amulet of magic regeneration (around neck)
 r - a ring of fire
Wands
 o - a wand of polymorph (8)
Scrolls
 f - 2 scrolls of identify {unknown}
 h - 2 scrolls of fog {unknown}
 i - a scroll of blinking {unknown}
 p - a scroll of amnesia {unknown}
 q - a scroll of enchant armour {unknown}
 u - a scroll of teleportation {unknown}
 x - a scroll of butterflies {unknown}
 y - a scroll of noise {unknown}
Potions
 j - a potion of flight {unknown}
 m - a potion of cancellation {unknown}
 s - 2 potions of curing {unknown}
 t - a potion of attraction {unknown}
 v - a potion of brilliance {unknown}


   Skills:
 * Level 2.3 Fighting
 + Level 3.2 Axes
 * Level 2.8 Throwing
 * Level 1.0 Armour
 * Level 3.2 Dodging
 * Level 1.0 Stealth
 * Level 0.9 Spellcasting
 * Level 0.3 Evocations


You had 3 spell levels left.
You knew the following spells:

 Your Spells              Type           Power      Damage    Failure   Level
a - Freeze                Ice            0%         1d3       41%         1

Your spell library contained the following spells:

 Spells                   Type           Power      Damage    Failure   Level
 Frozen Ramparts          Ice            0%         1d1       80%         3
 Hailstorm                Conj/Ice       0%         3d3       80%         3
 Anguish                  Hex/Necr       0%         N/A       99%         4
 Enfeeble                 Hex            0%         N/A       100%        7


Dungeon Overview and Level Annotations

Branches:
Dungeon (4/15)
 Temple: D:4-7

Altars:
Hepliaklqana
Makhleb

Shops:
D:1 [   D:2 :

Annotations:
D:4 Sigmund


Innate Abilities, Weirdness & Mutations

Spells you cast may paralyse adjacent enemies.


Message History

You bump into the rock wall.
You hit Sigmund.
Sigmund is moderately wounded.
Sigmund barely misses you.
You bump into the rock wall.
Sigmund barely misses you.
You bump into the rock wall.
Sigmund hits you with a +0 scythe!
You bump into the rock wall.
You feel less confused.
You hit Sigmund.
Sigmund is heavily wounded.
Sigmund hits you but does no damage.
You slash Sigmund!
Sigmund is almost dead.
Sigmund hits you with a +0 scythe!
* * * LOW HITPOINT WARNING * * *
You closely miss Sigmund.
Sigmund is almost dead.
Sigmund closely misses you.
You hit Sigmund.
Sigmund is almost dead.
Sigmund completely misses you.
You barely miss Sigmund.
Sigmund is almost dead.
Sigmund hits you with a +0 scythe.
* * * LOW HITPOINT WARNING * * *
You closely miss Sigmund.
Sigmund is almost dead.
Sigmund barely misses you.
You closely miss Sigmund.
Sigmund is almost dead.
You barely miss Sigmund.
Sigmund is almost dead.
Sigmund barely misses you.
You closely miss Sigmund.
Sigmund is almost dead.
Sigmund barely misses you.
You barely miss Sigmund.
Sigmund is almost dead.
Sigmund hits you with a +0 scythe!
You die...

... ... #.. .. #.###
#######.. .#
#...###.....#.# #.#
#.........+.. ....
.######.........#.# ..#
........###....##.#...#.
..#####@# ####..#.#.[...
#@# #..........# #.#
#.##.#.#####. #.#
#.##......... #.#
#.##'######## ..#
#............ ###
#............
#.........)..
#.........##.


You could see Sigmund.

Vanquished Creatures
  An orc priest (D:4)
  Jessica (D:3)
  An orc wizard (D:4)
  An adder (D:2)
  A worm (D:2)
  2 orcs
  3 ball pythons
  4 endoplasms
  2 giant cockroaches
  4 hobgoblins
  3 kobolds
  A bat (D:2)
  5 frilled lizards
  A goblin (D:2)
  7 rats
37 creatures vanquished.

Notes
Turn   | Place    | Note
-------+----------+-------------------------------------------
     0 | D:1      | gelatine the Demonspawn Gladiator began the quest for the
                  | Orb.
     0 | D:1      | Reached XP level 1. HP: 16/16 MP: 1/1
    29 | D:1      | Found Egimn's Antique Armour Emporium.
   900 | D:2      | Gained mutation: Spells you cast may paralyse adjacent
                  | enemies. [demonic ancestry]
   900 | D:2      | Reached XP level 2. HP: 22/22 MP: 2/2
  1521 | D:2      | Found Mixkeq's Book Emporium.
  1527 | D:2      | Reached XP level 3. HP: 27/27 MP: 3/3
  1599 | D:3      | Noticed Jessica
  1605 | D:3      | Killed Jessica
  1814 | D:3      | Found a hazy altar of Hepliaklqana.
  1899 | D:3      | Reached XP level 4. HP: 33/33 MP: 4/4
  2073 | D:3      | Found a faded altar of an unknown god.
  2238 | D:3      | Found a burning altar of Makhleb.
  2425 | D:4      | Reached skill level 1 in Armour
  2425 | D:4      | Reached skill level 1 in Stealth
  2504 | D:4      | Noticed Sigmund
  2508 | D:4      | Learned a level 1 spell: Freeze
  2539 | D:4      | Slain by Sigmund

Illustrated notes

Levels and vault maps discovered:
D:1:      amcnicky_arrival_abandoned_market, layout_basic, serial_shops,
          nicolae_shop_crystal
D:2:      layout_loops_ring, serial_shops, shop, kennysheep_another_room,
          hangedman_decor_diamond_cutter
D:3:      layout_loops_ring, nzn_hepliaklqana_mist_gate,
          lemuel_coloured_pillars_altar, dilly_ecumenical_altar_fadedgnrine,
          serial_bayou_pond_c, chequers_mini_garden, uniq_jessica
D:4:      layout_basic, lemuel_crystal_altar, kennysheep_slug_shrine,
          minmay_temple_entry_glassed_door, serial_shops, nicolae_shop_stone,
          uniq_sigmund

Skill      XL: |  1  2  3  4 |
---------------+-------------+-----
Dodging        | 3 |  3.2
Throwing       | 2 |  2.8
Axes           | 3 |  3.2
Armour         | 1 |  1.0
Stealth        | 1 |  1.0
Fighting       | |  2.3
Spellcasting   | |  0.9
Evocations     | |  0.3

Action                     |  1- 3 |  4- 6 || total
---------------------------+-------+-------++-------
  Melee: War axe           |    31 |    24 ||    55
  Throw: Boomerang         |    56 |    26 ||    82
         Throwing net      |     1 |       ||     1
 Armour: Leather armour    |    15 |    10 ||    25
  Dodge: Dodged            |    22 |    13 ||    35

Table legend: (Time is in decaauts)
 A = Elapsed time spent in this place.
 B = Non-inter-level travel time spent in this place.
 C = Inter-level travel time spent in this place.
 D = Time resting spent in this place.
 E = Time spent auto-exploring this place.
 F = Levels seen in this place.
 G = Mean time per level.
                   A        B        C        D        E       F      G
               +--------+--------+--------+--------+--------+-----+--------+
         Total |   2575 |   2452 |    123 |      0 |   2092 |   4 |  643.8 |
       Dungeon |   2575 |   2452 |    123 |      0 |   2092 |   4 |  643.8 |
               +--------+--------+--------+--------+--------+-----+--------+

Top non-repeatable levels by time:
     D:1: 885 daAuts
     D:3: 820 daAuts
     D:2: 690 daAuts
     D:4: 178 daAuts
